 Dungeon Crawl Stone Soup version 0.32-a0-975-g85d4e5bfdb (webtiles) character file.

Game seed: 5728944014696932065

282287 Daunt the Gelid (level 20, -21/160 HPs)
             Began as a Merfolk Ice Elementalist on Apr 18, 2024.
             Was a High Priest of Sif Muna.
             Killed from afar by Boris (63 damage)
             ... with an iron shot
             ... on level 2 of the Vaults on Apr 20, 2024.
             The game lasted 06:25:16 (67811 turns).

Daunt the Gelid (Merfolk Ice Elementalist)         Turns: 67811, Time: 06:25:17

Health: -21/160    AC: 27    Str: 11    XL:     20   Next: 52%
Magic:  3/37       EV: 20    Int: 21    God:    Sif Muna [*****.]
Gold:   366        SH:  7    Dex: 17    Spells: 14/45 levels left

rFire   + . .        a - +7 trident "Spider's Death Toll" {speed, rF+ Will+ SInv}
rCold   + + .        Z - +2 buckler {rPois}
rNeg    + . .        q - +0 robe "Poekhlocsyw" {rElec}
rPois   +            r - +2 helmet
rElec   +            i - +2 cloak {rPois}
rCorr   .            B - +1 pair of gloves {Str+3}
SInv    +            g - +0 pair of boots
Will    ++...        I - amulet of faith
Stlth   +++          u - ring of the Republic {+Blink rC++ rN+ SInv}
HPRegen 0.46/turn    X - +4 ring of protection
MPRegen 0.25/turn

%: faith
@: ice-armoured, about to teleport, frozen, freezing walls, very slow
A: (nimble swimmer 2), mertail
}: 2/15 runes: serpentine, barnacled
a: Renounce Religion, Evoke Blink, Channel Magic, Forget Spell, Divine Exegesis


You were on level 2 of the Vaults.
You worshipped Sif Muna.
Sif Muna was extremely pleased with you.
You visited 7 branches of the dungeon, and saw 33 of its levels.
You also visited: Sewer, Ossuary, Gauntlet and Ice Cave.

You collected 3489 gold pieces.
You spent 3123 gold pieces at shops.

Inventory:

Hand Weapons
 a - the +7 trident "Spider's Death Toll" (weapon) {speed, rF+ Will+ SInv}
   (You bought it in a shop on level 4 of the Dungeon)

   rF+:       It protects you from fire.
   Will+:     It increases your willpower.
   SInv:      It lets you see invisible.
Missiles
 b - 4 throwing nets
 e - 5 curare-tipped darts
 G - 36 poisoned darts (quivered)
 Y - 5 atropa-tipped darts
Armour
 g - a +0 pair of boots (worn)
 i - a +2 cloak of poison resistance (worn)
 q - the +0 robe "Poekhlocsyw" (worn) {rElec}
   (You found it on level 2 of the Shoals)

   rElec:     It insulates you from electricity.
 r - a +2 helmet (worn)
 B - a +1 pair of gloves of strength (worn)
 Z - a +2 buckler of poison resistance (worn)
Jewellery
 u - the ring of the Republic (left hand) {+Blink rC++ rN+ SInv}
   (You found it in a Gauntlet)

   [ring of see invisible]

   rC++:      It greatly protects you from cold.
   rN+:       It protects you from negative energy.
   SInv:      It lets you see invisible.
   +Blink:    It lets you blink.
 I - an amulet of faith (around neck)
 O - the ring "Fisie" {rPois rN+ Will+ Slay+2}
   (You bought it in a shop on level 1 of the Orcish Mines)

   [ring of positive energy]

   Slay+2:    It affects your accuracy & damage with ranged weapons and melee
   (+2).
   rPois:     It protects you from poison.
   rN+:       It protects you from negative energy.
   Will+:     It increases your willpower.
 X - a +4 ring of protection (right hand)
Wands
 l - a wand of acid (2)
 o - a wand of iceblast (20)
 y - a wand of charming (18)
 D - a wand of mindburst (6)
 E - a wand of digging (15)
 S - a wand of polymorph (22)
Scrolls
 f - 2 scrolls of silence
 k - 3 scrolls of vulnerability
 m - a scroll of revelation
 v - 10 scrolls of teleportation
 w - 3 scrolls of fear
 x - 4 scrolls of blinking
 C - 2 scrolls of acquirement
 H - 13 scrolls of poison
 J - 9 scrolls of immolation
 K - 4 scrolls of torment
 P - 2 scrolls of fog
 R - 2 scrolls of summoning
Potions
 c - 5 potions of cancellation
 h - 6 potions of haste
 j - 6 potions of heal wounds
 n - 6 potions of curing
 s - 4 potions of enlightenment
 t - 6 potions of attraction
 z - 5 potions of brilliance
 A - 12 potions of ambrosia
 F - 2 potions of might
 L - 3 potions of berserk rage
 T - a potion of resistance
 U - 10 potions of lignification
Miscellaneous
 d - a phantom mirror
 M - a box of beasts
 N - a condenser vane
 V - a lightning rod (4/4)
 W - a phial of floods


   Skills:
 + Level 14.6 Fighting
 - Level 14.0 Polearms
 - Level 5.0 Armour
 + Level 15.3 Dodging
 - Level 5.0 Stealth
 - Level 4.0 Shields
 - Level 13.0 Spellcasting
 - Level 7.2 Conjurations
 - Level 3.0 Summonings
 + Level 18.2 Ice Magic
 - Level 7.2 Air Magic
 - Level 9.0 Earth Magic
 - Level 13.0 Invocations
 - Level 7.0 Evocations


You had 14 spell levels left.
You knew the following spells:

 Your Spells              Type           Power      Damage    Failure   Level
a - Freeze                Ice            100%       1d10      0%          1
e - Permafrost Eruption   Ice/Erth       31%        2x4d8     3%          6
f - Freezing Cloud        Conj/Ice/Air   28%        6-21      2%          5
g - Ozocubu's Refrigerat  Ice            37%        4d15      3%          7
i - Summon Ice Beast      Ice/Summ       55%        N/A       1%          3
o - Ozocubu's Armour      Ice            74%        N/A       0%          3
r - Frozen Ramparts       Ice            100%       1d16      0%          3
w - Swiftness             Air            43%        N/A       1%          3

Your spell library contained the following spells:

 Spells                   Type           Power      Damage    Failure   Level
 Magic Dart               Conj           100%       1d8       1%          1
 Shock                    Conj/Air       100%       1d9       1%          1
 Sting                    Conj/Alch      100%       1d9       1%          1
 Ensorcelled Hibernation  Hex/Ice        100%       N/A       1%          2
 Searing Ray              Conj           88%        2d7       1%          2
 Static Discharge         Conj/Air       88%        3-7/arc   1%          2
 Hailstorm                Conj/Ice       61%        3d11      1%          3
 Mercury Vapours          Alch/Air       56%        N/A       2%          2
 Mephitic Cloud           Conj/Alch/Air  33%        N/A       2%          3
 Brom's Barrelling Bould  Conj/Erth      47%        2d6       2%          4
 Cigotuvi's Dreadful Rot  Necr/Alch/Air  46%        N/A       3%          2
 Airstrike                Air            21%        2d(4-20)  3%          4
 Dazzling Flash           Conj/Hex       56%        N/A       4%          3
 Metabolic Englaciation   Hex/Ice        25%        N/A       4%          5
 Apportation              Tloc           26%        N/A       7%          1
 Summon Lightning Spire   Summ/Air       35%        N/A       9%          4
 Jinxbite                 Hex            26%        N/A       10%         2
 Scorch                   Fire           26%        2d6       10%         2
 Arcjolt                  Conj/Air       22%        1d32      10%         5
 Leda's Liquefaction      Alch/Erth      16%        N/A       11%         4
 Petrify                  Alch/Erth      32%        N/A       11%         4
 Flame Wave               Conj/Fire      28%        2d9       16%         4
 Fulminant Prism          Conj/Alch      14%        3d9       16%         4
 Vhi's Electric Charge    Tloc/Air       56%        N/A       16%         4
 Fugue of the Fallen      Necr           13%        N/A       21%         3
 Inner Flame              Hex/Fire       13%        N/A       21%         3
 Sigil of Binding         Hex            13%        N/A       21%         3
 Teleport Other           Tloc           13%        N/A       21%         3
 Vampiric Draining        Necr           13%        2d6       21%         3
 Summon Blazeheart Golem  Fire/Summ      19%        N/A       34%         4
 Fireball                 Conj/Fire      14%        3d8       38%         5
 Irradiate                Conj/Alch      14%        3d16      38%         5
 Silence                  Hex/Air        14%        N/A       38%         5
 Conjure Ball Lightning   Conj/Air       22%        3x3d6     47%         6
 Anguish                  Hex/Necr       6%         N/A       54%         4
 Cause Fear               Hex            6%         N/A       54%         4
 Ignite Poison            Fire/Alch      13%        N/A       54%         4
 Olgreb's Toxic Radiance  Alch           13%        N/A       54%         4
 Sticky Flame             Fire/Alch      13%        2d5       54%         4
 Rimeblight               Ice/Necr       25%        2d6       (prima80%   7
 Alistair's Intoxication  Alch           8%         N/A       88%         5
 Magnavolt                Erth/Air       23%        3d14      90%         7
 Plasma Beam              Fire/Air       14%        2x1d25    93%         6
 Starburst                Conj/Fire      14%        6d6       93%         6
 Summon Cactus Giant      Summ           13%        N/A       96%         6
 Orb of Destruction       Conj           22%        9d8       96%         7
 Polar Vortex             Ice            37%        12d4*     98%         9
 Dispersal                Tloc           6%         N/A       100%        6
 Gell's Gavotte           Tloc           6%         2d(14-20) 100%        6
 Spellforged Servitor     Conj/Summ      17%        N/A       100%        7
 Discord                  Hex            6%         N/A       100%        8
 Ignition                 Fire           6%         3d4       100%        8
 Lehudib's Crystal Spear  Conj/Erth      23%        10d7      100%        8
 Maxwell's Capacitive Co  Air            21%        ∞         100%        8
 Chain Lightning          Conj/Air       22%        3d29      100%        9
 Death's Door             Necr           6%         N/A       100%        9
 Dragon's Call            Summ           13%        N/A       100%        9
 Fire Storm               Conj/Fire      14%        8d4       100%        9
 Shatter                  Erth           25%        3d22*     100%        9


Dungeon Overview and Level Annotations

Branches:
Dungeon (15/15)            Temple (1/1) D:7            Lair (5/5) D:9
 Shoals (4/4) Lair:3        Snake (4/4) Lair:2        Slime (0/5) Lair:5
    Orc (2/2) D:11            Elf (0/3) Orc:2        Vaults (2/5) D:13
 Depths (0/4) D:15          Sewer (visited)         Ossuary (visited)
  IceCv (visited)         Gauntlet (visited)
  Crypt: Vaults:2-3

Altars:
Ashenzari
Cheibriados
Dithmenos
Elyvilon
Fedhas
Gozag
Hepliaklqana
Kikubaaqudgha
Makhleb
Nemelex Xobeh
Okawaru
Qazlal
Ru
Sif Muna
Trog
Uskayaw
Vehumet
Wu Jian
Xom
Yredelemnul
Zin
The Shining One
Beogh

Shops:
D:2 !:   D:4 (   D:10 *   D:11 =   D:12 =   D:14 =   Orc:1 [=   Orc:2 [*:([
Shoals:3 (

Portals:
Trove: D:14 (show slimy rune of Zot)

Annotations:
Vaults:2 Boris


Innate Abilities, Weirdness & Mutations

((You are very nimble when in or above water. (Stealth+, EV+, Speed+++)))
Your lower body shifts to a powerful aquatic tail in water.


Message History

Press: ? - help, v - describe, . - travel, g - get item
Here: Boris, wearing the +2 robe of the Turtledove {Will+ MP+9} (freezing vapour, lightly damaged)
Items here: $ )) [[[ ††.
The floor, spattered with blood.
Unknown command.
As you read the scroll of teleportation, it crumbles to dust.
You feel strangely unstable.
You are engulfed in excruciating misery.
The ironbound frostheart resists.
The wall freezes the ironbound frostheart.
You block the ironbound frostheart's attack.
Boris is engulfed in freezing vapours.
The wall freezes Boris but does no damage.
Boris completely misses you. You block Boris's attack.
You barely miss the ironbound frostheart.
The ironbound frostheart is severely wounded.
You are engulfed in excruciating misery.
The ice encasing you melts away.
The ironbound frostheart resists.
The wall freezes the ironbound frostheart.
The ironbound frostheart barely misses you.
Boris is engulfed in freezing vapours.
The wall freezes Boris but does no damage.
Boris hits you. Boris touches you but does no damage.
Casting: Permafrost Eruption (dangerous; 3% risk of failure)
Confirm with . or Enter, or press ? or * to list all spells.
A film of ice covers your body!
You are engulfed in excruciating misery.
The ironbound frostheart resists.
The wall freezes the ironbound frostheart.
The ironbound frostheart calls freezing cold from the walls.
The frost grips you! You resist.
* * * LOW HITPOINT WARNING * * *
You are encased in ice.
Boris is engulfed in freezing vapours.
The wall freezes Boris but does no damage.
Boris gestures at you while chanting. The iron shot hits you!!!
You die...
Boris says, "I'll treasure this one."

#......'......#.....#.....#
########......#'##..÷..##'#
#......#..##[..##..#
#......'...#...#...#
#......#...#...#...#
#...§.§#######'########
#..§§§.# #....)....#
#.§§§Lp# #....)....#
#'#'##@######.........#
#......#.........#
#......#...))....#
#......#.....>..[#
#......#.........)
#......'.........#
#......########### #......#
# ######## #


You could see Boris and an ironbound frostheart.

Vanquished Creatures
  Vashnia (Snake:4)
  Nikola (Shoals:1)
  Jorgrun (Snake:3)
  Mlioglotl (Snake:2)
  4 sphinxes
  Polyphemus (Shoals:2)
  A tengu reaver (Vaults:2)
  Gastronok (D:10)
  6 nagarajas
  Ilsuiw (Shoals:2)
  Aizul (Snake:2)
  4 vault wardens
  3 orc warlords
  5 ironbound preservers
  An ironbound thunderhulk (Vaults:1)
  A stone giant (D:15)
  2 very ugly things
  2 formless jellyfish (Vaults:1)
  10 dire elephants
  A minotaur (Shoals:4)
  7 merfolk javelineers
  5 merfolk impalers
  A fire dragon (D:15)
  2 yaktaur captains (Vaults:1)
  Josephine (Lair:4)
  A caustic shrike simulacrum (IceCv)
  2 hydras
  2 vault guards (Vaults:2)
  A rakshasa (D:13)
  2 great orbs of eyes (Vaults:1)
  5 centaur warriors
  6 ironbound frosthearts
  2 ogre magi
  5 catoblepae
  5 boulder beetles
  3 merfolk avatars
  13 satyrs
  9 two-headed ogres
  2 merfolk aquamancers
  16 death yaks
  6 anacondas
  A deep troll shaman (Lair:5)
  20 naga sharpshooters
  6 shock serpents
  4 tengu warriors
  18 naga warriors
  A hell knight (Vaults:2)
  An orc high priest (Orc:2)
  A soul eater (Gauntlet)
  3 salamander mystics (Snake:4)
  4 skysharks
  A skeletal warrior (D:11)
  16 sea snakes
  4 arcanists
  17 deep trolls
  3 mana vipers
  A necromancer (Vaults:2)
  An ironbound convoker (Vaults:1)
  19 ugly things
  6 lindwurms
  8 naga ritualists
  2 orc sorcerers
  3 deep elf pyromancers
  13 orc knights
  43 harpies
  An oklob plant (Shoals:1)
  3 cyclopes
  21 manticores
  12 salamanders
  Maurice (D:7)
  19 fauns
  5 guardian serpents
  5 elephants (Lair:5)
  20 naga magi
  34 black mambas
  4 kobold blastminers
  3 meliai (Lair:5)
  10 merfolk sirens
  5 water nymphs
  Maggie (D:7)
  A torpor snail (Lair:3)
  4 cane toads
  2 vault sentinels (Vaults:1)
  A freezing wraith (Vaults:2)
  An anaconda simulacrum (IceCv)
  3 rime drakes
  2 tengu conjurers (D:13)
  13 komodo dragons
  2 kobold demonologists (D:11)
  22 yaktaurs
  An ice devil (Gauntlet)
  5 trolls
  A queen bee (Lair:5)
  29 merfolk
  9 polar bears
  A hornet (D:9)
  15 blink frogs
  An alligator simulacrum (IceCv)
  A glass eye (Snake:1)
  5 snapping turtles
  A tarantella (shapeshifter) (D:13)
  3 wind drakes
  A slime creature (shapeshifter) (D:15)
  3 centaur simulacra
  11 slime creatures
  A vampire (D:11)
  6 wraiths
  2 dire elephant simulacra (IceCv)
  17 water elementals
  56 yaks
  3 wargs (Orc:2)
  8 wyverns
  9 basilisks
  3 steam dragons
  13 vampire mosquitoes
  50 nagas
  A hydra simulacrum (IceCv)
  2 harpy simulacra (IceCv)
  3 acid dragons
  19 water moccasins
  21 orc warriors
  A meliai simulacrum (Gauntlet)
  A black bear (shapeshifter) (D:14)
  6 black bears
  An ice beast (D:6)
  4 sky beasts (D:6)
  6 ogres
  22 wolves
  16 centaurs
  A phantom (D:6)
  7 kobold brigands
  11 bullfrogs
  3 scorpions
  A wight (Ossuary)
  A cane toad simulacrum (Gauntlet)
  34 killer bees
  2 electric eels (D:11)
  A bombardier beetle (D:7)
  5 howler monkeys
  A centaur zombie (Ossuary)
  A bullfrog zombie (Ossuary)
  A human zombie (Ossuary)
  14 orc priests
  4 hounds
  A jelly (D:7)
  A gnoll bouda (D:5)
  2 iguanas
  A sleepcap (D:8)
  15 orc wizards
  A scorpion zombie (Ossuary)
  A hell rat (Sewer)
  An ogre zombie (Ossuary)
  3 gnolls (D:5)
  10 adders
  3 river rats
  2 shadow imps (Gauntlet)
  2 white imps
  2 ufetubi (D:6)
  An adder zombie (Ossuary)
  A dart slug (D:1)
  5 ribbon worms
  61 orcs
  4 endoplasms
  8 giant cockroaches
  6 goblins
  17 hobgoblins
  19 kobolds
  A quokka (D:1)
  3 training dummies (Shoals:3)
  9 ball pythons
  3 bats
  3 frilled lizards (D:1)
  3 goblin zombies (Ossuary)
  A hobgoblin zombie (Ossuary)
  5 orc zombies (Ossuary)
  18 rats
1193 creatures vanquished.

Vanquished Creatures (collateral kills)
  A very ugly thing (IceCv)
  A minotaur (Gauntlet)
  A two-headed ogre (D:11)
  An orange crystal statue (IceCv)
  An ugly thing (D:12)
  2 freezing wraiths (IceCv)
  2 wraiths
  A naga (Snake:2)
  A white imp (D:6)
  An adder zombie (Ossuary)
  An orc (Orc:2)
  A goblin zombie (Ossuary)
  A hobgoblin zombie (Ossuary)
  2 orc zombies (Ossuary)
17 creatures vanquished.

Vanquished Creatures (others)
  A killer bee (Lair:5)
1 creature vanquished.

Grand Total: 1211 creatures vanquished

Notes
Turn   | Place    | Note
-------+----------+-------------------------------------------
     0 | D:1      | Daunt the Merfolk Ice Elementalist began the quest for the
                  | Orb.
     0 | D:1      | Reached XP level 1. HP: 13/13 MP: 3/3
   320 | D:1      | Reached XP level 2. HP: 19/19 MP: 1/5
   740 | D:1      | Reached skill level 5 in Ice Magic
   932 | D:1      | Reached XP level 3. HP: 24/24 MP: 1/6
  1002 | D:1      | Learned a level 3 spell: Ozocubu's Armour
  1304 | D:2      | Found Cohugov's Distillery.
  1380 | D:2      | Reached skill level 1 in Polearms
  1727 | D:2      | Reached XP level 4. HP: 27/30 MP: 3/7
  1775 | D:2      | Learned a level 3 spell: Frozen Ramparts
  2200 | D:2      | Found Henoj's Book Shop.
  2476 | D:3      | Reached skill level 6 in Ice Magic
  2570 | D:3      | Found a glowing drain.
  2601 | Sewer    | Entered a sewer
  2627 | Sewer    | Reached XP level 5. HP: 7/35 MP: 5/8
  2628 | Sewer    | HP: 1/35 [river rat (5)]
  2913 | D:3      | Found a faded altar of an unknown god.
  2988 | D:3      | Found a faded altar of an unknown god.
  2997 | D:3      | Found a blossoming altar of Fedhas.
  3837 | D:4      | Reached skill level 1 in Fighting
  3837 | D:4      | Reached skill level 1 in Shields
  3837 | D:4      | Reached XP level 6. HP: 39/43 MP: 1/9
  3993 | D:4      | Found Xecism's Weapon Shop.
  5031 | D:5      | Entered Level 5 of the Dungeon
  5040 | D:5      | Reached XP level 7. HP: 51/51 MP: 5/11
  5168 | D:2      | Bought a potion of might for 56 gold pieces
  5168 | D:2      | Bought a potion of heal wounds for 70 gold pieces
  5168 | D:2      | Bought a potion of lignification for 42 gold pieces
  5168 | D:2      | Bought a potion of attraction for 42 gold pieces
  5262 | D:5      | Reached skill level 1 in Evocations
  6084 | D:6      | Reached XP level 8. HP: 59/59 MP: 6/13
  6224 | D:6      | Reached skill level 1 in Summonings
  6247 | D:6      | Found a sand-covered staircase.
  6252 | Ossuary  | Entered an ossuary
  6258 | Ossuary  | Learned a level 3 spell: Summon Ice Beast
  6753 | Ossuary  | Noticed a silent spectre
  7309 | D:6      | Reached skill level 5 in Spellcasting
  7315 | D:6      | Reached skill level 5 in Fighting
  7320 | D:6      | Reached XP level 9. HP: 54/68 MP: 4/17
  8050 | D:7      | Noticed Maggie
  8112 | D:7      | Found a staircase to the Ecumenical Temple.
  8121 | Temple   | Found a transporter.
  8121 | Temple   | Found a transporter.
  8121 | Temple   | Found a transporter.
  8121 | Temple   | Found a transporter.
  8121 | Temple   | Entered the Ecumenical Temple
  8134 | Temple   | Became a worshipper of Sif Muna the Loreminder
  8437 | D:7      | Noticed Maurice
  8831 | D:7      | Something stole a ring of see invisible
  8832 | D:7      | Something stole a +0 spear
  8842 | D:7      | Killed Maurice
  9801 | D:2      | Bought a potion of mutation for 112 gold pieces
 10150 | D:7      | Reached XP level 10. HP: 67/79 MP: 17/20
 11062 | D:9      | Reached * piety under Sif Muna
 11583 | D:9      | Paralysed by a hornet for 2 turns
 11586 | D:9      | Reached skill level 5 in Dodging
 11586 | D:9      | Reached skill level 5 in Stealth
 11659 | D:9      | Noticed a manticore
 11796 | D:9      | Reached skill level 5 in Polearms
 12025 | D:9      | Found a staircase to the Lair.
 12187 | D:9      | Found an opulent altar of Gozag.
 12299 | D:9      | You fall into a shaft and drop 3 floors!
 12319 | D:11     | Noticed a two-headed ogre
 12329 | D:12     | Noticed a green ugly thing
 12385 | D:12     | Killed a green ugly thing
 12448 | D:12     | Noticed a centaur warrior
 12516 | D:12     | Killed a centaur warrior
 12517 | D:12     | Reached XP level 11. HP: 48/86 MP: 0/22
 12694 | D:11     | Killed a two-headed ogre
 12852 | D:10     | Entered Level 10 of the Dungeon
 12909 | D:10     | Reached skill level 1 in Air Magic
 12913 | D:10     | Reached skill level 1 in Conjurations
 12991 | D:10     | Reached ** piety under Sif Muna
 13204 | D:9      | Killed a manticore
 13621 | D:10     | Noticed Gastronok
 13776 | D:10     | Killed Gastronok
 13811 | D:10     | Found a shimmering altar of Xom.
 13932 | D:10     | Found Feros's Fire Supplies.
 14005 | D:10     | Reached skill level 7 in Ice Magic
 14134 | D:10     | Noticed a two-headed ogre
 14366 | D:11     | Noticed a manticore
 14476 | D:11     | Killed a manticore
 14539 | D:11     | Noticed a cyclops
 14753 | D:11     | Killed a cyclops
 14754 | D:11     | Reached skill level 8 in Ice Magic
 15032 | D:11     | Noticed a skeletal warrior
 15154 | D:11     | Noticed a boulder beetle
 15197 | D:11     | Killed a boulder beetle
 15198 | D:11     | Reached XP level 12. HP: 58/92 MP: 8/23
 15297 | D:11     | Noticed a boulder beetle
 15328 | D:11     | Reached *** piety under Sif Muna
 15459 | D:11     | Found a staircase to the Orcish Mines.
 15653 | D:11     | Reached skill level 9 in Ice Magic
 15987 | D:2      | Bought a Trismegistus Codex for 392 gold pieces
 15993 | D:2      | Learned a level 5 spell: Freezing Cloud
 16492 | Lair:1   | Entered Level 1 of the Lair of Beasts
 17234 | D:12     | Found Catojiep's Jewellery Emporium.
 17291 | D:12     | Noticed a two-headed ogre
 17291 | D:12     | Noticed a two-headed ogre
 17330 | D:12     | Identified the +0 spear of the Desert {heavy, Fly Dex+6}
 17384 | D:12     | Reached skill level 5 in Conjurations
 17523 | D:12     | Identified the +8 morningstar of Lekelu {flame, rElec SInv}
 17689 | D:12     | Noticed a two-headed ogre
 17778 | D:13     | Reached skill level 5 in Air Magic
 17808 | D:13     | Noticed a rakshasa
 17957 | D:13     | Noticed a catoblepas
 18143 | D:13     | Noticed a tengu warrior
 18146 | D:13     | Noticed a tengu warrior
 18279 | D:11     | Killed a boulder beetle
 18380 | Orc:1    | Entered Level 1 of the Orcish Mines
 18380 | Orc:1    | Noticed a two-headed ogre
 18380 | Orc:1    | Found Foohet's Jewellery Shoppe.
 18458 | D:11     | Reached skill level 10 in Ice Magic
 18548 | D:11     | Reached skill level 1 in Armour
 19397 | Lair:1   | Reached **** piety under Sif Muna
 19614 | Lair:1   | Reached skill level 11 in Ice Magic
 19948 | Lair:1   | Reached XP level 13. HP: 74/98 MP: 23/25
 20702 | Lair:2   | Found a staircase to the Snake Pit.
 21721 | Lair:3   | Found a staircase to the Shoals.
 21728 | Lair:3   | Reached skill level 12 in Ice Magic
 21873 | Lair:3   | Reached ***** piety under Sif Muna
 23350 | Lair:4   | Received a gift from Sif Muna
 23380 | Lair:4   | Got Sif Muna's Reference Book on the Gaseous Tundra {god
                  | gift}
 23612 | Lair:4   | Noticed Josephine
 23799 | Lair:4   | Killed Josephine
 23800 | Lair:4   | Reached skill level 13 in Ice Magic
 24295 | Lair:4   | Reached XP level 14. HP: 102/105 MP: 21/27
 24504 | Lair:5   | Entered Level 5 of the Lair of Beasts
 24847 | Lair:5   | Learned a level 3 spell: Swiftness
 25730 | Lair:5   | Got the Parchment of Argyropoeia
 26291 | Lair:5   | Reached skill level 5 in Evocations
 26307 | Lair:5   | Reached skill level 10 in Dodging
 26546 | Lair:5   | Reached skill level 14 in Ice Magic
 26607 | Lair:5   | Found a staircase to the Slime Pits.
 26749 | Lair:5   | Reached skill level 1 in Invocations
 26934 | Lair:5   | Noticed a dire elephant
 26950 | Lair:5   | Killed a dire elephant
 27179 | Lair:5   | Identified the +7 long sword "Fueloxuox" {venom, Will+
                  | Str-5 Int+5}
 27533 | D:7      | Killed Maggie
 27759 | D:12     | Received a gift from Sif Muna
 27760 | D:12     | Reached skill level 5 in Invocations
 27856 | D:13     | Found a gate to the Vaults.
 27907 | D:12     | Reached XP level 15. HP: 112/113 MP: 15/28
 28264 | D:12     | Paralysed by an ogre mage for 5 turns
 28926 | D:13     | Identified the +6 falchion of Exquisite Torment {flame,
                  | rPois rC- Int+2 Dex+3}
 28948 | D:13     | Paralysed by an ogre mage for 3 turns
 29542 | D:4      | Bought the +7 trident "Spider's Death Toll" {speed, rF+
                  | Will+ SInv} for 762 gold pieces
 29810 | D:14     | Found Luidasti's Jewellery Shop.
 30330 | D:14     | Reached skill level 10 in Invocations
 30659 | D:14     | Found a portal to a secret trove of treasure.
 30887 | D:15     | Entered Level 15 of the Dungeon
 30895 | D:15     | Found a staircase to the Depths.
 31258 | D:15     | Found a gate leading to a gauntlet.
 31275 | Gauntlet | Entered a Gauntlet
 31275 | Gauntlet | Found a transporter.
 31283 | Gauntlet | Found a transporter.
 31285 | Gauntlet | Found a transporter.
 31296 | Gauntlet | Found a transporter.
 31299 | Gauntlet | Found a transporter.
 31303 | Gauntlet | Found a runed translucent door.
 31305 | Gauntlet | Found a runed translucent door.
 31307 | Gauntlet | Found a transporter.
 31324 | Gauntlet | Found a transporter.
 31334 | Gauntlet | Found a transporter.
 31359 | Gauntlet | Found a transporter.
 31380 | Gauntlet | Found a transporter.
 31389 | Gauntlet | Found a transporter.
 31408 | Gauntlet | Found a transporter.
 31412 | Gauntlet | Found a transporter.
 31445 | Gauntlet | Found a transporter.
 31714 | Gauntlet | Identified the ring of the Republic {+Blink rC++ rN+ SInv}
 31765 | Gauntlet | Identified the +1 rapier of Quilyrug {speed, rF- rN+ Dex+4}
 31775 | Gauntlet | Reached skill level 10 in Polearms
 32434 | D:15     | Found a shimmering blue altar of Sif Muna.
 32618 | D:15     | Received a gift from Sif Muna
 32738 | D:15     | Got Sif Muna's Precepts of the Changed Pyromaniac {god
                  | gift}
 33367 | Orc:1    | Found Fusomp's Antique Armour Boutique.
 33390 | Orc:1    | Found a roughly hewn altar of Beogh.
 33554 | Orc:2    | Entered Level 2 of the Orcish Mines
 33848 | Orc:2    | Found Kurusk's Antique Weapon Shop.
 33868 | Orc:2    | Found Ryuf's Antique Armour Boutique.
 33952 | Orc:2    | Found Sage's General Store.
 34344 | Orc:2    | Noticed an orc warlord
 34368 | Orc:2    | Killed an orc warlord
 34557 | Orc:2    | Found Liva's Book Emporium.
 34972 | Orc:2    | Reached XP level 16. HP: 85/120 MP: 21/29
 35127 | Orc:2    | Found a staircase to the Elven Halls.
 35131 | Orc:2    | Reached ****** piety under Sif Muna
 35423 | Orc:2    | Found Toosch's Armour Shop.
 35533 | Orc:2    | Bought a +2 buckler of poison resistance for 333 gold
                  | pieces
 35588 | Orc:1    | Bought a pair of embroidered gloves for 262 gold pieces
 35819 | Snake:1  | Entered Level 1 of the Snake Pit
 35959 | Snake:1  | Received a gift from Sif Muna
 36406 | Snake:1  | Reached skill level 10 in Spellcasting
 36654 | Orc:1    | Bought the ring "Fisie" {rPois rN+ Will+ Slay+2} for 542
                  | gold pieces
 37300 | Snake:1  | Noticed Donald
 37310 | Snake:1  | Donald changed into Donald the glass eye
 37310 | Snake:1  | Noticed Donald
 37314 | Snake:1  | Killed Donald the glass eye
 38970 | Snake:2  | Identified the serpent talisman "Nooklu" {+Blink Dex+3
                  | SInv}
 38970 | Snake:2  | Noticed Aizul
 39293 | Snake:2  | Killed Aizul
 39293 | Snake:2  | Received a gift from Sif Muna
 39305 | Snake:2  | Found a glacial archway.
 39322 | IceCv    | Entered an ice cave
 39730 | IceCv    | Found a transporter.
 39748 | IceCv    | Found a transporter.
 39884 | Snake:2  | Identified a scroll of acquirement
 40089 | Snake:2  | Found a radiant altar of Vehumet.
 40334 | Snake:2  | Noticed Mlioglotl
 40353 | Snake:2  | Killed Mlioglotl
 40543 | Snake:2  | Noticed a nagaraja
 40560 | Snake:2  | Killed a nagaraja
 41808 | Snake:3  | Reached skill level 10 in Fighting
 41808 | Snake:3  | Reached XP level 17. HP: 128/128 MP: 28/31
 41837 | Snake:3  | Received a gift from Sif Muna
 41928 | Snake:3  | Got Sif Muna's Directory of Green Last Rites {god gift}
 42212 | Snake:3  | Reached skill level 15 in Ice Magic
 43182 | Snake:3  | Noticed Jorgrun
 43202 | Snake:3  | Killed Jorgrun
 44615 | Snake:4  | Entered Level 4 of the Snake Pit
 44633 | Snake:4  | Received a gift from Sif Muna
 44739 | Snake:4  | Reached skill level 5 in Armour
 47929 | Snake:4  | Noticed Vashnia
 47947 | Snake:4  | Killed Vashnia
 47982 | Snake:4  | Reached XP level 18. HP: 62/138 MP: 5/33
 48412 | Snake:4  | Received a gift from Sif Muna
 48626 | Snake:4  | Got Sif Muna's Octavo of Cunning Chilblains {god gift}
 48790 | Snake:4  | Got a serpentine rune of Zot
 48861 | Snake:4  | Reached skill level 1 in Earth Magic
 49241 | Orc:2    | Bought a dyed leather armour for 160 gold pieces
 49279 | Orc:1    | Bought a glowing leather armour for 175 gold pieces
 49551 | Shoals:1 | Entered Level 1 of the Shoals
 49896 | Shoals:1 | Found a snail-covered altar of Cheibriados.
 50335 | Shoals:1 | Noticed Nikola
 50658 | Shoals:1 | Killed Nikola
 51915 | Shoals:1 | Reached skill level 5 in Earth Magic
 51922 | Shoals:1 | Learned a level 6 spell: Permafrost Eruption
 52393 | Shoals:2 | Noticed Polyphemus
 53133 | Shoals:2 | Killed Polyphemus
 53465 | Shoals:2 | Identified the +0 robe "Poekhlocsyw" {rElec}
 53775 | Orc:1    | Bought a runed leather armour for 175 gold pieces
 54112 | Shoals:2 | Identified the +8 war axe "Dragonslayer" {speed, rC+ Int+2
                  | Dex-4}
 54760 | Shoals:2 | Noticed Ilsuiw
 54776 | Shoals:2 | Killed Ilsuiw
 55300 | Shoals:3 | Received a gift from Sif Muna
 55301 | Shoals:3 | Reached skill level 16 in Ice Magic
 55616 | Shoals:3 | Got Sif Muna's Folio of Hurting {god gift}
 55826 | Shoals:3 | Found Cuuwk's Firing Range.
 56666 | Shoals:3 | Reached XP level 19. HP: 120/146 MP: 4/34
 57054 | Shoals:3 | Received a gift from Sif Muna
 57186 | Shoals:3 | Got Sif Muna's Treatise on the Blizzard {god gift}
 57195 | Shoals:3 | Learned a level 7 spell: Ozocubu's Refrigeration
 57405 | Shoals:4 | Entered Level 4 of the Shoals
 60339 | Shoals:4 | Received a gift from Sif Muna
 60340 | Shoals:4 | Got Sif Muna's Commentary on Becharming Fog {god gift}
 60613 | Shoals:4 | Got a barnacled rune of Zot
 61845 | Vaults:1 | Entered Level 1 of the Vaults
 62541 | Vaults:1 | Reached skill level 17 in Ice Magic
 63165 | Vaults:1 | Identified the amulet "Golu" {Faith Harm Rampage Stlth+}
 64505 | Vaults:1 | Reached XP level 20. HP: 157/157 MP: 32/37
 64842 | Vaults:1 | Received a gift from Sif Muna
 64882 | Vaults:1 | Got Sif Muna's Lectures on Destructive Fog {god gift}
 67450 | Vaults:2 | Reached skill level 15 in Dodging
 67457 | Vaults:2 | Reached skill level 18 in Ice Magic
 67802 | Vaults:2 | Identified the +2 robe of the Turtledove {Will+ MP+9}
 67802 | Vaults:2 | Noticed Boris
 67811 | Vaults:2 | Killed from afar by Boris

Illustrated notes

Levels and vault maps discovered:
D:1:      dpeg_arrival_ratfight, layout_basic
D:2:      layout_basic, serial_shops, nicolae_shop_waterfront, shop,
          minmay_misc_feat_hallway, st_stairs_11, minmay_tetromino_o4
D:3:      minmay_angry_zag, layout_loops_corners,
          nicolae_overflow_ecumenical_swirl,
          shapermc_ecumenical_altar_starsandcircs, portal_sewer_entry_a
D:4:      layout_loops_ring, serial_shops, shop, grunt_decor_resistance
D:5:      layout_rooms
D:6:      layout_basic, serial_aquarium, aquarium_bridge_long_separate
          [aquarium_subvault_bridge, aquarium_subvault_wall,
          aquarium_subvault_bridge, aquarium_subvault_bridge,
          aquarium_subvault_window, aquarium_subvault_bridge],
          aquarium_window_2, aquarium_window_corridor_2, aquarium_window_fake,
          aquarium_view_2g, aquarium_view_2b, aquarium_balcony_5b,
          aquarium_pool_1, enter_ossuary_2, serial_bayou_pond_a
D:7:      layout_basic, minmay_temple_entry_mist, nicolae_sextant, uniq_maurice,
          uniq_maggie
D:8:      layout_loops_ring, grunt_decor_junction
D:9:      layout_basic, general_overflow_altar, erik_lair_dragon
D:10:     layout_rooms, xom_redecorated, nicolae_shop_fire_sale
          [nicolae_sub_dead_trees], uniq_gastronok
D:11:     wad_river_or_something, layout_cave_pools, hiddenorc1_lemuel
D:12:     layout_loops_ring, minmay_shop_enchanted_jewellery,
          wad_floor_pattern_2, grunt_decor_mini_mirrors
D:13:     layout_long_grid, david_vaults_2
D:14:     layout_loops_corners, dk_noncrumbling_4, enter_trove_6,
          nicolae_take_the_stairs
D:15:     grunt_enter_depths_giant_problem, layout_gridville,
          gauntlet_entry_generic, hellmonk_sif_muna_bookshelves
Temple:   hellmonk_temple_divided_pantheon
Lair:1:   layout_cave_pods, grunt_megastairs_1
Lair:2:   layout_roguey, dummy_snake_entry, st_stairs_4, lemuel_fruit_fields,
          infiniplex_staircase_pool_2
Lair:3:   layout_cave_pods, nicolae_shoals_entry_roost, lemuel_fruit_tree,
          grunt_megastairs_2
Lair:4:   layout_regular_city, grunt_megastairs_4, serial_bayou_shore_a,
          infiniplex_staircase_pool, uniq_josephine
Lair:5:   grunt_lair_end_beastmaster, layout_misc_corridors,
          dpeg_slime_entry_enclosed, special_room [special_room_bee],
          chequers_serial_rivers_room_b
Shoals:1: layout_shoals, lemuel_oklob_altar, uniq_nikola
Shoals:2: layout_shoals, nicolae_shoals_elemental_ambush, uniq_polyphemus,
          uniq_ilsuiw
Shoals:3: layout_shoals, nicolae_shoals_circle_sea_wall,
          nicolae_shop_firing_range
Shoals:4: shoals_end_hellmonk_lost_city
Snake:1:  layout_chambers, nicolae_snake_flat_spine, uniq_donald
Snake:2:  layout_concentric_octagons, portal_ice_cave_entry_ugly_swarm,
          basic_altar, uniq_aizul, uniq_mlioglotl
Snake:3:  nicolae_sea_snake_s, layout_cave_town, uniq_jorgrun
Snake:4:  johnstein_snake_rune_scales, layout_grid_maze
Orc:1:    layout_caves, basic_altar, serial_shops, shop,
          nicolae_shop_gibbet_a_chance, shop
Orc:2:    grunt_orc_gardens, layout_caves, grunt_orc_garden, grunt_orc_garden,
          grunt_orc_garden, grunt_orc_garden, serial_shops, nicolae_shop_trees
Vaults:1: nicolae_vaults_cornered_office, v_misc_28,
          nicolae_vaults_windows_and_doors_thing, vaults_dpeg_encased_lava,
          nicolae_vaults_little_squares_5, nicolae_vaults_little_squares_3,
          nicolae_vaults_asterisk, ontoclasm_vaults_eye,
          ontoclasm_vaults_loading_screen, vaults_room_door_ring,
          vaults_dpeg_emergency_exit, vaults_room_pools,
          layout_vaults_chaotic_city
Vaults:2: v_misc_26, nicolae_vaults_rhombus_5, nicolae_vaults_shrinking_rooms_1,
          minmay_crypt_entry_necro_gods, nicolae_vaults_little_squares_4,
          nicolae_vaults_yaktaur_gun_rack, v_misc_31,
          nicolae_vaults_trapezoid_lopsided_3, nicolae_vaults_double_plus_2,
          vaults_dpeg_ring, nicolae_vaults_what_the_h, v_misc_8,
          nicolae_vaults_ring_of_whatevers, nicolae_vaults_diffraction_hallways,
          layout_vaults_maze_snakey, uniq_boris, uniq_asterion

Skill      XL: |  1  2  3  4  5  6  7  8  9 10 11 12 13 14 15 16 17 18 19 20 |
---------------+-------------------------------------------------------------+-----
Ice Magic      | 5 6 8 11 13 14 15 16 17 18 | 18.2
Polearms       | 1 3 8 13 14 | 14.0
Stealth        | 3 4 5 |  5.0
Fighting       | 1 2 3 5 7 8 9 10 11 13 14 | 14.6
Shields        | 1 2 3 4 |  4.0
Spellcasting   | 3 5 7 8 9 10 11 13 | 13.0
Evocations     | 2 3 4 5 6 7 |  7.0
Summonings     | 3 |  3.0
Dodging        | 4 8 9 10 11 13 14 15 | 15.3
Air Magic      | 4 5 7 |  7.2
Conjurations   | 4 5 7 |  7.2
Armour         | 1 2 3 4 5 |  5.0
Invocations    | 6 11 12 13 | 13.0
Earth Magic    | 9 |  9.0

Action                     |  1- 3 |  4- 6 |  7- 9 | 10-12 | 13-15 | 16-18 | 19-21 || total
---------------------------+-------+-------+-------+-------+-------+-------+-------++-------
  Melee: Spear             |    11 |       |       |       |       |       |       ||    11
         Whip              |    11 |   114 |   174 |    17 |       |       |       ||   316
         Trident           |       |       |       |   450 |  1059 |  1740 |  1017 ||  4266
         Tailslap          |       |       |       |     3 |     2 |    13 |     6 ||    24
  Throw: Stone             |       |     8 |    15 |     4 |       |       |       ||    27
         Dart              |       |       |    15 |    50 |    70 |    93 |    37 ||   265
         Boomerang         |       |       |       |     3 |     1 |       |       ||     4
   Cast: Freeze            |    50 |    73 |    39 |    73 |     6 |       |       ||   241
         Ozocubu's Armour  |     1 |     8 |    10 |    40 |    67 |    66 |    40 ||   232
         Frozen Ramparts   |       |     2 |    31 |    83 |   134 |   151 |    55 ||   456
         Summon Ice Beast  |       |       |     9 |     7 |    10 |     2 |     2 ||    30
         Freezing Cloud    |       |       |       |     1 |    67 |    84 |    11 ||   163
         Swiftness         |       |       |       |       |     4 |       |       ||     4
         Dragon's Call     |       |       |       |       |       |     1 |       ||     1
         Permafrost Erupti |       |       |       |       |       |    31 |    41 ||    72
         Ozocubu's Refrige |       |       |       |       |       |       |    63 ||    63
 Invoke: Divine Exegesis   |       |       |       |       |       |     1 |       ||     1
         Channel Magic     |       |       |       |       |       |     1 |     2 ||     3
  Evoke: Wand              |       |       |       |     2 |       |    15 |       ||    17
         Lightning rod     |       |       |       |       |     1 |     3 |       ||     4
         Phantom mirror    |       |       |       |       |       |     2 |       ||     2
         Phial of floods   |       |       |       |       |       |     1 |       ||     1
         Condenser vane    |       |       |       |       |       |     1 |       ||     1
    Use: Potion            |       |     3 |     1 |     3 |     5 |     6 |       ||    18
         Scroll            |       |       |     6 |     9 |     8 |     6 |     2 ||    31
   Stab: Sleeping          |     6 |     2 |       |       |     1 |     2 |       ||    11
         Petrified         |       |       |       |       |    12 |       |       ||    12
         Petrifying        |       |       |       |       |     1 |       |       ||     1
         Distracted        |       |       |       |       |       |     1 |     3 ||     4
 Armour: Robe              |    23 |    81 |    79 |    23 |       |   123 |   337 ||   666
         Steam dragon scal |       |       |       |   247 |   541 |   203 |       ||   991
         Leather armour    |       |       |       |       |       |   287 |       ||   287
  Dodge: Dodged            |    21 |   112 |   112 |   386 |   549 |   505 |   291 ||  1976
  Block: Buckler           |       |    24 |    62 |   202 |   305 |   252 |   137 ||   982

Table legend: (Time is in decaauts)
 A = Elapsed time spent in this place.
 B = Non-inter-level travel time spent in this place.
 C = Inter-level travel time spent in this place.
 D = Time resting spent in this place.
 E = Time spent auto-exploring this place.
 F = Levels seen in this place.
 G = Mean time per level.
                   A        B        C        D        E       F      G
               +--------+--------+--------+--------+--------+-----+--------+
         Total |  65368 |  58536 |   6832 |   8963 |  35290 |  37 | 1766.7 |
       Dungeon |  25202 |  20541 |   4661 |   1259 |  14245 |  15 | 1680.1 |
        Temple |     26 |     19 |      7 |      0 |      0 |   1 |   26.0 |
          Lair |   9089 |   8104 |    985 |    988 |   5233 |   5 | 1817.8 |
        Shoals |   9365 |   9050 |    315 |   2412 |   4284 |   4 | 2341.2 |
     Snake Pit |  11632 |  11431 |    201 |   2256 |   6780 |   4 | 2908.0 |
  Orcish Mines |   2363 |   2173 |    190 |    334 |   1329 |   2 | 1181.5 |
        Vaults |   5717 |   5247 |    470 |   1241 |   2845 |   2 | 2858.5 |
         Sewer |    274 |    274 |      0 |     83 |     83 |   1 |  274.0 |
       Ossuary |    548 |    548 |      0 |    125 |     77 |   1 |  548.0 |
      Ice Cave |    522 |    522 |      0 |    237 |    165 |   1 |  522.0 |
      Gauntlet |    625 |    625 |      0 |     25 |    245 |   1 |  625.0 |
               +--------+--------+--------+--------+--------+-----+--------+

Top non-repeatable levels by time:
Vaults:1: 4446 daAuts
 Snake:4: 4157 daAuts
     D:9: 3341 daAuts
    D:11: 3124 daAuts
Shoals:4: 3077 daAuts
 Snake:1: 2856 daAuts
Shoals:1: 2426 daAuts
 Snake:3: 2327 daAuts
 Snake:2: 2291 daAuts
  Lair:5: 2249 daAuts
  Lair:4: 2033 daAuts
Shoals:2: 2025 daAuts
    D:12: 1986 daAuts
Shoals:3: 1836 daAuts
  Lair:1: 1829 daAuts
